 Dungeon Crawl Stone Soup version 0.21-a0-630-g344d351 (webtiles) character file.

46 wvc the Cutter (level 3, 0/31 HPs)
             Began as a Gnoll Wanderer on Dec 26, 2017.
             Killed from afar by Natasha (7 damage)
             ... with a magic dart
             ... on level 2 of the Dungeon.
             The game lasted 00:01:36 (733 turns).

wvc the Cutter (Gnoll Wanderer)                      Turns: 733, Time: 00:01:37

Health: 0/31       AC:  5    Str: 16    XL:     3   Next: 68%
Magic:  7/7        EV: 13    Int: 12    God:
Gold:   41         SH:  0    Dex: 15    Spells: 7/7 levels left

rFire    . . .     SeeInvis .   e - +1 dagger (vamp)
rCold    . . .     Gourm    .   (no shield)
rNeg     . . .     Faith    .   a - +2 leather armour
rPois    .         Spirit   .   (no helmet)
rElec    .         Reflect  .   (no cloak)
rCorr    .         Harm     .   (no gloves)
MR       .....                  (no boots)
Stlth    ++........             (no amulet)
HPRegen  0.10/turn              (no ring)
MPRegen  0.10/turn              (no ring)

@: lethally poisoned (0 -> -4)
A: distributed training, fangs 1, strong nose
a: no special abilities


You were on level 2 of the Dungeon.
You were hungry.

You visited 1 branch of the dungeon, and saw 2 of its levels.

You collected 41 gold pieces.

Inventory:

Hand Weapons
 b - a +0 spear
 c - a +0 short sword
 e - a +1 vampiric dagger (weapon)
Armour
 a - a +2 leather armour (worn)
Potions
 f - 2 potions of ambrosia {unknown}
 g - a potion of heal wounds {unknown}
 h - a potion of lignification {unknown}
Comestibles
 d - a ration


   Skills:
 + Level 4.5 Fighting
 + Level 4.5 Short Blades
 + Level 0.9 Long Blades
 + Level 0.9 Axes
 + Level 0.9 Maces & Flails
 + Level 0.9 Polearms
 + Level 0.9 Staves
 + Level 0.9 Slings
 + Level 0.9 Bows
 + Level 0.9 Crossbows
 + Level 0.9 Throwing
 + Level 0.9 Armour
 + Level 2.6 Dodging
 + Level 2.4 Stealth
 + Level 0.9 Shields
 + Level 0.9 Unarmed Combat
 + Level 2.8 Spellcasting
 + Level 0.6 Conjurations
 + Level 2.1 Hexes
 + Level 0.6 Charms
 + Level 0.6 Summonings
 + Level 0.6 Necromancy
 + Level 0.6 Translocations
 + Level 0.6 Transmutations
 + Level 0.6 Fire Magic
 + Level 0.6 Ice Magic
 + Level 0.6 Air Magic
 + Level 0.6 Earth Magic
 + Level 2.1 Poison Magic
 + Level 1.0 Invocations
 + Level 2.6 Evocations


You had 7 spell levels left.
You didn't know any spells.

Dungeon Overview and Level Annotations

Branches:
Dungeon (2/15)

Altars:

Annotations:
D:2 Natasha


Innate Abilities, Weirdness & Mutations

Your experience applies equally to all skills.
You have very sharp teeth.
Your uncanny sense of smell can sniff out nearby items.


Message History

Natasha barely misses you.
You hit Natasha.
You feel better.
Natasha is almost dead.
You feel sick. Natasha claws you.
* * * LOW HITPOINT WARNING * * *
The iron imp closely misses you.
You hit Natasha.
You feel better.
Natasha is almost dead.
Natasha misses you.
You completely miss Natasha.
Natasha is almost dead.
The iron imp disappears in a puff of smoke!
The crimson imp blinks!
The iron imp picks up a beetle and eats it.
The iron imp barely misses you.
You hit Natasha but do no damage.
Natasha is almost dead.
Natasha stares at you and mumbles some strange words.
The magic dart hits you!
You die...

#### #.. #.#
#######.#######.###
#....>.....).......
#.#####.#######.##.
### #.# #5#
##.#######.# #@#
#..........# #h#
.....####### #ยง#
).....# #.#
.......# #.#
......## #5#
.>....... ..#
#....#### #..
##.#.#


You could see an iron imp, Natasha and a crimson imp.

Vanquished Creatures
  2 adders (D:2)
  7 bats
  4 giant cockroaches
  4 goblins
  2 hobgoblins (D:1)
  2 jackals (D:1)
  2 kobolds
  4 rats
27 creatures vanquished.

Notes
Turn   | Place    | Note
-------+----------+-------------------------------------------
     0 | D:1      | wvc the Gnoll Wanderer began the quest for the Orb.
     0 | D:1      | wvc set off with: a +2 leather armour, a +0 spear, a +0 short sword, a ration
     0 | D:1      | Reached XP level 1. HP: 20/20 MP: 4/4
   258 | D:1      | Reached XP level 2. HP: 26/26 MP: 5/5
   636 | D:2      | Reached XP level 3. HP: 28/31 MP: 7/7
   707 | D:2      | Noticed Natasha
   717 | D:2      | Reached skill level 1 in Invocations
   733 | D:2      | Killed from afar by Natasha

Vault maps used:
D:1:      giann_forest_graveyard, minmay_misc_feat_roman,
          minmay_misc_feat_hallway
D:2:      gammafunk_temple_overflow_arena, first_ration, minmay_pentomino_x4,
          uniq_jessica, uniq_natasha

Skill      XL: |  1  2  3 |
---------------+----------+-----
Hexes          | 2 |  2.1
Poison Magic   | 2 |  2.1
Invocations    | 1 |  1.0
Fighting       | |  4.5
Short Blades   | |  4.5
Long Blades    | |  0.9
Axes           | |  0.9
Maces & Flails | |  0.9
Polearms       | |  0.9
Staves         | |  0.9
Slings         | |  0.9
Bows           | |  0.9
Crossbows      | |  0.9
Throwing       | |  0.9
Armour         | |  0.9
Dodging        | |  2.6
Stealth        | |  2.4
Shields        | |  0.9
Unarmed Combat | |  0.9
Spellcasting   | |  2.8
Conjurations   | |  0.6
Charms         | |  0.6
Summonings     | |  0.6
Necromancy     | |  0.6
Translocations | |  0.6
Transmutations | |  0.6
Fire Magic     | |  0.6
Ice Magic      | |  0.6
Air Magic      | |  0.6
Earth Magic    | |  0.6
Evocations     | |  2.6

Action                   || total
-------------------------++-------
Melee: Spear             ||    14
       Dagger            ||   101
       Bite              ||    18
 Stab: Sleeping          ||     2
  Eat: Ration            ||     1
Armor: Leather armour    ||    23
Dodge: Dodged            ||    76

Table legend:
 A = Spawn XP
 B = Non-spawn XP
 C = Spawn XP percentage of total XP
 D = Spawn monster count
 E = Non-spawn monster count
 F = Spawn count percentage of total count
 G = Total turns spent on level
                    A         B        C        D         E        F      G
               +---------+---------+-------+---------+---------+-------+---------
         Total |       0 |      67 |   0.0 |       0 |      27 |   0.0 |   733
               +---------+---------+-------+---------+---------+-------+---------
           D:1 |       0 |      31 |   0.0 |       0 |      18 |   0.0 |   608
           D:2 |       0 |      36 |   0.0 |       0 |       9 |   0.0 |   125
               +---------+---------+-------+---------+---------+-------+---------
